 Dungeon Crawl Stone Soup version 0.29-a0-284-gf9362112df (webtiles) character file.

Game seed: 687342240354953200

1360 sokol815 the Soothsayer (level 8, 0/58 HPs)
             Began as a Djinni Gladiator on Mar 25, 2022.
             Was a Priest of Nemelex Xobeh.
             Slain by Maggie
             ... wielding a +2 long sword of flaming
              (13 damage)
             ... on level 6 of the Dungeon.
             The game lasted 00:10:18 (5916 turns).

sokol815 the Soothsayer (Djinni Gladiator)          Turns: 5916, Time: 00:10:19

Health: 0/58       AC:  9    Str: 13    XL:     8   Next: 96%
Gold:   245        EV: 12    Int: 11    God:    Nemelex Xobeh [***...] SH:  5 Dex: 18

rFire   + + .      SeeInvis .   a - +1 hand axe (venom)
rCold   . . .      Faith    .   (no shield)
rNeg    . . .      Spirit   .   m - +2 ring mail "Ytunom" {rCorr Dex+2}
rPois   ∞          Reflect  +   c - +0 helmet
rElec   .          Harm     .   (no cloak)
rCorr   +          Rampage  .   g - +0 pair of gloves
Will    +....                   (boots unavailable)
Stlth   +.........              j - amulet of reflection
HPRegen 0.19/turn               W - ring of willpower
MPRegen 0.00/turn               C - ring of protection from cold {rC+, !d}

@: mighty, flying
A: sickness immunity, fire resistance 2, cold vulnerability 1, float, innate
caster, HP casting, extra vitality 1
a: Renounce Religion, Draw Escape, Draw Destruction, Draw Summoning, Triple Draw


You were on level 6 of the Dungeon.
You worshipped Nemelex Xobeh.
Nemelex Xobeh was most pleased with you.
You visited 1 branch of the dungeon, and saw 6 of its levels.

You collected 245 gold pieces.

Inventory:

Hand Weapons
 a - a +1 hand axe of venom (weapon)
   (You found it on level 3 of the Dungeon)
 n - a +0 war axe
 t - a +0 whip of pain
   (You took it off an orc on level 4 of the Dungeon)
Missiles
 d - 5 throwing nets {!d}
 e - a javelin
 f - 11 poisoned darts
 o - 2 boomerangs
 s - 99 stones
Armour
 b - a +0 leather armour
 c - a +0 helmet (worn)
 g - a +0 pair of gloves (worn)
   (You found it on level 3 of the Dungeon)
 k - a +2 scale mail of positive energy
   (You found it on level 3 of the Dungeon)
 m - the +2 ring mail "Ytunom" (worn) {rCorr Dex+2}
   (You found it on level 2 of the Dungeon)

   Dex:       It affects your dexterity (+2).
   rCorr:     It protects you from acid and corrosion.
Magical Staves
 u - a staff of death {rN+}
   (You found it on level 4 of the Dungeon)
Jewellery
 j - an amulet of reflection (around neck)
   (You found it on level 1 of the Dungeon)
 p - a ring of willpower
   (You found it on level 3 of the Dungeon)
 C - a ring of protection from cold (right hand) {rC+, !d}
   (You found it on level 3 of the Dungeon)
 W - a ring of willpower (left hand)
   (You found it on level 2 of the Dungeon)
 Z - a ring of wizardry {Wiz+, !d}
   (You found it on level 5 of the Dungeon)
Wands
 i - a wand of iceblast (18)
   (You found it on level 6 of the Dungeon)
Scrolls
 h - 2 scrolls of identify {@r1}
 l - a scroll of fog
 q - a scroll of summoning {unknown}
 X - a scroll of magic mapping {@r4!r}
 Y - 2 scrolls of teleportation {@r3}
Potions
 r - a potion of cancellation
 v - a potion of attraction {!q}
 B - a potion of brilliance
 H - a potion of haste
 J - 2 potions of curing {@q1}
 M - 2 potions of might
 P - a potion of lignification {!q}
 U - 2 potions of mutation {!q}


   Skills:
 + Level 4.7 Fighting
 + Level 4.2 Axes
 - Level 1.5 Throwing
 - Level 3.2 Dodging
 * Level 4.4 Spellcasting
 * Level 5.3 Invocations


You had 9 spell levels left.
You knew the following spells:

 Your Spells              Type           Power      Damage    Failure   Level
a - Sting                 Tmut/Pois      48%        1d5       8%          1
b - Call Canine Familiar  Summ           12%        N/A       24%         3
c - Call Imp              Summ           12%        N/A       12%         2
Your spell library was empty.

Dungeon Overview and Level Annotations

Branches:
Dungeon (6/15)             Temple (0/1) D:6

Altars:
Nemelex Xobeh

Shops:
D:2 !

Annotations:
D:4 3 runed translucent doors, sirJeffrey23's ghost, amateur DsMo
D:6 Maggie


Innate Abilities, Weirdness & Mutations

You are immune to sickness and miasma.
You are immune to poison.
Your flesh is very heat resistant. (rF++)
You are vulnerable to cold. (rC-)
You float through the air rather than walking.
You learn spells naturally, not from books.
Your magical power is your life essence.
You have superior vitality. (+4 MHP)


Message History

You kill the orc!
The jelly misses you. You block the orc priest's attack.
You take 1 damage, and have 50/58 hp.
You barely miss the orc priest. You hit the jelly.
Your hands burn!
The jelly barely misses you. The orc priest closely misses you.
You take 2 damage, and have 48/58 hp.
You hit the orc priest but do no damage.
The orc priest looks as sick as possible!
You hit the jelly.
The jelly looks as sick as possible!
Your hands burn!
You kill the jelly!
The orc priest closely misses you. The orc priest misses you.
You take 1 damage, and have 47/58 hp.
You barely miss the orc priest.
You kill the orc priest!
Things that are here:
a +0 hand axe; a +0 leather armour; an orc corpse
Things that are here:
a +0 hand axe; an orc corpse
Things that are here:
a +0 whip; a +0 leather armour
q - a scroll labelled MUETEROGRO Health restored: 58
i - a wand of iceblast (18) (gained 9 charges)
A hound comes into view.
The hound barks!
You hear a shout!
You hear a howl!
A hound comes into view.
The hound moves out of view.
The hound barks!
Maggie and a howler monkey come into view.
Maggie is wielding a +2 long sword of flaming.
Maggie shouts!
The howler monkey howls!
You closely miss the hound. The hound barely misses you.
You hit the hound.
The hound is poisoned.
You miss the hound. The hound closely misses you.
The hound bites you but does no damage.
The howler monkey hoots and howls with incredible vigour!
The hound bites you but does no damage. The hound completely misses you.
You hit the hound.
The hound looks as sick as possible!
You closely miss the hound. You block the hound's attack. x2
The hound misses you.
You completely miss the hound. You hit the hound.
The hound bites you but does no damage. x2; The hound barely misses you.
You hit the hound.
The hound looks as sick as possible!
You hit the hound.
The hound is poisoned.
You kill the hound!
The hound barely misses you. The hound bites you but does no damage.
You hit the hound. You barely miss Maggie. The hound barely misses you.
Maggie hits you with a +2 long sword of flaming.
The howler monkey hoots and howls with incredible vigour!
The hound closely misses you.
You take 1 damage, and have 57/58 hp.
Here: Maggie, wielding a +2 long sword of flaming and wearing +0 acid dragon scales The floor.
Unknown command.
You barely miss Maggie. You hit the hound but do no damage.
The hound looks as sick as possible!
You block Maggie's attack. The hound bites you but does no damage.
You hit Maggie but do no damage. You closely miss the hound.
The hound closely misses you.
Maggie hits you with a +2 long sword of flaming!
Maggie burns you. The hound bites you but does no damage.
You take 15 damage, and have 42/58 hp.
MASSIVE DAMAGE!!
You hit Maggie but do no damage.
Maggie is poisoned.
You barely miss the hound.
You kill the hound!
Maggie hits you with a +2 long sword of flaming.
Maggie burns you.
The howler monkey hits you but does no damage.
You take 5 damage, and have 37/58 hp.
You barely miss Maggie. You closely miss the howler monkey.
Maggie hits you with a +2 long sword of flaming!
Maggie burns you.
The howler monkey hits you but does no damage.
You take 11 damage, and have 26/58 hp.
You feel very mighty all of a sudden.
Maggie mumbles some strange words.
Maggie attempts to bespell you! You resist with almost no effort.
The howler monkey hoots and howls with incredible vigour!
You barely miss Maggie. You hit the howler monkey.
The howler monkey is poisoned.
Maggie closely misses you. The howler monkey hits you.
Maggie mumbles some strange words.
Maggie attempts to bespell you! You resist with almost no effort.
You take 1 damage, and have 25/58 hp.
You slash Maggie!
Maggie looks as sick as possible!
You hit the howler monkey.
The howler monkey looks as sick as possible!
The howler monkey barely misses you.
Maggie hits you with a +2 long sword of flaming!
* * * LOW HITPOINT WARNING * * *
Maggie burns you.
* * * LOW HITPOINT WARNING * * *
The howler monkey hoots and howls with incredible vigour!
You take 13 damage, and have 12/58 hp.
MASSIVE DAMAGE!!
You hit Maggie. You slash the howler monkey!
You kill the howler monkey!
Maggie barely misses you.
You slash Maggie!
Maggie hits you with a +2 long sword of flaming!
You die...
Your body glows slightly and disappears.

##### # ##### #....
###########....# ####
#.... #.........).##.##
..... #....
+...........#8.8##.?....
#....
#...............@@......
#####
....).......#8.8#†......
######
....).......##.##.......
+..... ....)..........#
#...... ######
..............## ......
.............## ......
#............# .....
#............# #####
##############
############


You could see Maggie (extremely poisoned).

Vanquished Creatures
  A sky beast (D:6)
  A black bear (D:4)
  A centaur (D:4)
  2 ogres
  A phantom (D:5)
  A scorpion (D:6)
  3 bullfrogs
  A howler monkey (D:6)
  3 hounds
  An orc priest (D:6)
  2 jellies
  Jessica (D:2)
  A gnoll shaman (D:4)
  2 iguanas (D:4)
  5 adders
  12 gnolls
  A white imp (D:6)
  An ufetubus (D:4)
  2 worms
  4 dart slugs (D:1)
  13 orcs
  5 endoplasms
  A giant cockroach (D:1)
  4 goblins
  8 hobgoblins
  11 jackals (D:1)
  5 kobolds
  2 quokkas
  10 ball pythons
  7 bats
  6 frilled lizards
  5 rats
  A bush (D:4)
124 creatures vanquished.

Vanquished Creatures (others)
  A gnoll (D:4)
1 creature vanquished.

Grand Total: 125 creatures vanquished

Notes
Turn   | Place    | Note
-------+----------+-------------------------------------------
     0 | D:1      | sokol815 the Djinni Gladiator began the quest for the Orb.
     0 | D:1      | Reached XP level 1. HP: 18/18 MP: 0/0
   180 | D:1      | Reached XP level 2. HP: 19/23 MP: 0/0
   279 | D:1      | Reached skill level 1 in Spellcasting
   485 | D:1      | Reached XP level 3. HP: 25/29 MP: 0/0
   485 | D:1      | Learned a level 1 spell: Sting
   848 | D:1      | Found a faded altar of an unknown god.
   857 | D:1      | Prayed at the altar of an unknown god.
   857 | D:1      | Became a worshipper of Nemelex Xobeh the Trickster
   857 | D:1      | Reached * piety under Nemelex Xobeh
  1127 | D:1      | Reached XP level 4. HP: 34/34 MP: 0/0
  1349 | D:2      | Found Meqadwoe's Distillery.
  1450 | D:2      | Noticed Jessica
  1751 | D:3      | Received a gift from Nemelex Xobeh
  1833 | D:2      | Reached skill level 1 in Invocations
  1910 | D:2      | Reached ** piety under Nemelex Xobeh
  1916 | D:2      | Killed Jessica
  1917 | D:2      | Reached skill level 3 in Axes
  1917 | D:2      | Reached skill level 2 in Spellcasting
  1917 | D:2      | Reached XP level 5. HP: 40/40 MP: 0/0
  1917 | D:2      | Learned a level 2 spell: Call Imp
  1980 | D:2      | Identified the +2 ring mail "Ytunom" {rCorr Dex+2}
  2710 | D:3      | Received a gift from Nemelex Xobeh
  3107 | D:4      | Reached skill level 3 in Fighting
  3107 | D:4      | Reached skill level 2 in Invocations
  3110 | D:4      | Reached XP level 6. HP: 31/46 MP: 0/0
  3298 | D:4      | Noticed sirJeffrey23's ghost (amateur DsMo)
  3299 | D:4      | Found a runed translucent gate.
  3299 | D:4      | Found a runed translucent gate.
  3299 | D:4      | Found a runed translucent gate.
  3553 | D:4      | Reached skill level 3 in Invocations
  3553 | D:4      | Reached XP level 7. HP: 50/50 MP: 0/0
  3553 | D:4      | Learned a level 3 spell: Call Canine Familiar
  3718 | D:4      | Reached skill level 3 in Spellcasting
  4407 | D:5      | Entered Level 5 of the Dungeon
  4663 | D:5      | Reached skill level 4 in Fighting
  4663 | D:5      | Reached skill level 4 in Invocations
  4663 | D:5      | Reached XP level 8. HP: 56/58 MP: 0/0
  4738 | D:5      | Reached *** piety under Nemelex Xobeh
  4738 | D:5      | Received a gift from Nemelex Xobeh
  5539 | D:6      | Reached skill level 4 in Axes
  5539 | D:6      | Reached skill level 4 in Spellcasting
  5660 | D:6      | Found a staircase to the Ecumenical Temple.
  5774 | D:6      | Reached skill level 5 in Invocations
  5901 | D:6      | Noticed Maggie
  5914 | D:6      | HP: 13/58 [Maggie/+2 long sword of flaming (12)]
  5916 | D:6      | Slain by Maggie

Illustrated notes

Levels and vault maps discovered:
D:1:      dpeg_arrival_simpleton_b, layout_loops_ring,
          hellmonk_ecumenical_altar_lost_god
D:2:      layout_rooms, serial_shops, shop, uniq_jessica
D:3:      layout_basic, dk_noncrumbling_3
D:4:      layout_basic, gammafunk_ghost_nasty_kobolds, columned_hall_lemuel,
          minmay_hedge_maze, roderic_cross_of_infinity
D:5:      layout_layer_cave
D:6:      layout_basic, minmay_temple_entry_trees, small_statue_intersection,
          uniq_maggie

Skill      XL: |  1  2  3  4  5  6  7  8 |
---------------+-------------------------+-----
Spellcasting   | 1 2 3 4 |  4.4
Invocations    | 1 2 3 4 5 |  5.3
Axes           | 3 4 |  4.2
Fighting       | 3 4 |  4.7
Throwing       | |  1.5
Dodging        | |  3.2

Action                   |  1- 3 |  4- 6 |  7- 9 || total
-------------------------+-------+-------+-------++-------
Melee: War axe           |    95 |    93 |       ||   188
       Hand axe          |       |    65 |   136 ||   201
       Punch             |       |       |     3 ||     3
Throw: Javelin           |     1 |       |       ||     1
 Cast: Sting             |       |       |    20 ||    20
Invok: Draw Destruction  |       |     2 |       ||     2
  Use: Scroll            |       |     9 |     3 ||    12
       Potion            |       |       |     1 ||     1
Armor: Leather armour    |    51 |    20 |       ||    71
       Ring mail         |       |    30 |    66 ||    96
Dodge: Dodged            |   100 |   106 |    91 ||   297
Block: Other             |     7 |    51 |    38 ||    96
       Reflection        |       |     1 |       ||     1

Table legend: (Time is in decaauts)
 A = Elapsed time spent in this place.
 B = Non-inter-level travel time spent in this place.
 C = Inter-level travel time spent in this place.
 D = Time resting spent in this place.
 E = Time spent auto-exploring this place.
 F = Levels seen in this place.
 G = Mean time per level.
                   A        B        C        D        E       F      G
               +--------+--------+--------+--------+--------+-----+--------+
         Total |   6013 |   5856 |    157 |   1332 |   3601 |   6 | 1002.2 |
       Dungeon |   6013 |   5856 |    157 |   1332 |   3601 |   6 | 1002.2 |
               +--------+--------+--------+--------+--------+-----+--------+

Top non-repeatable levels by time:
     D:4: 1533 daAuts
     D:1: 1300 daAuts
     D:3: 1287 daAuts
     D:6: 710 daAuts
     D:5: 617 daAuts
     D:2: 563 daAuts

Table legend:
 A = Kills in this place as a percentage of kills in entire the game.
 B = Kills by you in this place as a percentage of kills by you in the entire game.
 C = Kills by friends in this place as a percentage of kills by friends in the entire game.
 D = Other kills in this place as a percentage of other kills in the entire game.
 E = Experience gained in this place as a percentage of experience gained in the entire game.
 F = Experience gained in this place divided by the number of levels of this place that you have seen.
                   A       B       C       D       E      F
               +-------+-------+-------+-------+-------+----------------------
         Total | 100.0 | 100.0 |   N/A | 100.0 | 100.0 | 324.0
       Dungeon | 100.0 | 100.0 |   N/A | 100.0 | 100.0 | 324.0
               +-------+-------+-------+-------+-------+----------------------
